 Dungeon Sprint DCSS version 0.14-a0-759-g26e2352 (webtiles) character file.

904 Deemzul the Slicer (level 7, -4/52 HPs)
             Began as a Formicid Fighter on Nov 8, 2013.
             Was a Plaything of Xom.
             Slain by a demonic crawler (8 damage)
             ... in the Dungeon (Sprint I: "Red Sonja").
             The game lasted 00:06:44 (1129 turns).

Deemzul the Slicer (Formicid Fighter)               Turns: 1129, Time: 00:06:44

HP  -4/52        AC 10     Str 23      XL: 7   Next: 85%
MP   6/6         EV  6     Int  7      God: Xom
Gold 246         SH 18     Dex 10      Spells:  0 memorised,  6 levels left

Res.Fire  : . . .   See Invis. : .   e - +0,+1 orc dagger
Res.Cold  : . . .   Warding    : .   b - +0 scale mail
Life Prot.: . . .   Conserve   : .   c - +0 shield
Res.Poison: x       Res.Corr.  : .   (helmet restricted)
Res.Elec. : .       Clarity    : .   (no cloak)
Sust.Abil.: . .     Spirit.Shd : .   l - +1 pair of dwarf gauntlets
Res.Mut.  : .       Stasis     : +   (no boots)
Res.Rott. : .       Flight     : .   (no amulet)
Saprovore : . . .                    (no ring)
                                     (no ring)

@: very slightly contaminated, slightly resistant to hostile enchantments,
extremely unstealthy
A: permanent stasis, dig shafts and tunnels, four strong arms, poison weakness,
antennae 1, exoskeleton 1
a: Dig, Renounce Religion


You were in the Dungeon.
You worshipped Xom.
You were a favourite toy of Xom.
You were very hungry.

You visited 1 branch You collected 474 gold pieces.
You spent 228 gold pieces at shops.

Inventory:

Hand weapons
 a - a +0,+0 dagger
 e - a +0,+1 orcish dagger (weapon)
Armour
 b - a +0 scale mail (worn)
 c - a +0 shield (worn)
 l - a +1 pair of dwarven gauntlets (worn)
Magical devices
 f - a wand of hasting (5)
 k - a wand of enslavement (6)
Comestibles
 d - a bread ration
 m - a meat ration
Scrolls
 j - a scroll of blinking
 n - a scroll of remove curse
 o - a scroll of amnesia {unknown}
 p - a scroll of fog {unknown}
 q - a scroll of identify {unknown}
 r - a scroll of enchant armour {unknown}
Potions
 g - a potion of speed
 h - 2 potions of magic
 i - a potion of berserk rage


   Skills:
 + Level 9.8 Fighting
 * Level 13.7 Short Blades
 - Level 3.6 Armour
 - Level 3.0 Shields


You had 6 spell levels left.
You didn't know any spells.

Dungeon Overview and Level Annotations

Branches:
Dungeon (1/1)

Altars:
Elyvilon
Kikubaaqudgha
Makhleb
Sif Muna
Vehumet
Xom
Yredelemnul
Zin


Innate Abilities, Weirdness & Mutations

Your are under a permanent stasis effect.
You can dig through walls and to a lower floor.
Your four strong arms can wield any weapon, most with a shield.
You are susceptible to poison.
You have a pair of small antennae on your head.
Your body is surrounded by an exoskeleton. (HP +5, AC +1)


Message History

The demonic crawler hits your demonic crawler.
The demonic crawler hits your demonic crawler but does no damage.
Unknown command.
Unknown command.
Your shield prevents you from hitting the demonic crawler.
The demonic crawler is lightly wounded.
Your demonic crawler hits the demonic crawler!
Your demonic crawler hits the demonic crawler but does no damage.
You block the demonic crawler's attack.
The demonic crawler hits you but does no damage.
You block the demonic crawler's attack.
Unknown command.
You hit the demonic crawler but do no damage.
The demonic crawler is lightly wounded.
The demonic crawler hits your demonic crawler but does no damage.
The demonic crawler hits your demonic crawler.
The demonic crawler hits your demonic crawler but does no damage.
The demonic crawler hits you!
You die...
Xom laughs nastily!

##########################*****
#<<#..'..#..'.@#__#..'...#∆∆*,∆
#<.%..#..').#..sss'..#...#*+*∆*
#..#####)#####'#_s####...'..#∆*
#..####..#...#(####§∆#####..+∆*
#..._....#..##.#§≈§§,*∆∆**+##**
#..#.....##'#..+§§§,,+,,*,,,,,*
#⌠⌠#_.∩.)['[)._#≈§§§,*∆∆*,,,,,+
###......##_.#'#*+##***+***, ,*
#..#_._._###+#.#∆∆∆∆***,+∆*,,,*


You could see 3 demonic crawlers and a friendly demonic crawler.

Vanquished Creatures
  A giant amoeba (D)
  An elephant slug (D)
  A kobold demonologist (D)
  An ogre (D)
  Sigmund (D)
  A jelly (D)
  Ijyb (D)
  An ufetubus (D)
  A giant eyeball (D)
9 creatures vanquished.

Vanquished Creatures (collateral kills)
  A kobold demonologist (D)
  A lemure (D)
  An ufetubus (D)
3 creatures vanquished.

Vanquished Creatures (others)
  A metal gargoyle (D)
  A white imp (D)
  2 ufetubi (D)
4 creatures vanquished.

Grand Total: 16 creatures vanquished

Notes
Turn   | Place    | Note
--------------------------------------------------------------
     0 | D        | Deemzul, the Formicid Fighter, began the quest for the Orb.
     0 | D        | Reached XP level 1. HP: 19/19 MP: 0/0
     6 | D        | Noticed Ijyb
    36 | D        | Killed Ijyb
    36 | D        | Reached skill level 4 in Fighting
    36 | D        | Reached skill level 5 in Short Blades
    36 | D        | Reached XP level 2. HP: 22/25 MP: 1/1
    44 | D        | Found a glowing silver altar of Zin.
    44 | D        | Found a radiant altar of Vehumet.
    44 | D        | Found a shimmering altar of Xom.
    47 | D        | Noticed an elephant slug
    47 | D        | Found a deep blue altar of Sif Muna.
    47 | D        | Found Kumunta's Assorted Antiques.
    48 | D        | Found a white marble altar of Elyvilon.
   368 | D        | Killed an elephant slug
   368 | D        | Reached skill level 6 in Fighting
   368 | D        | Reached skill level 9 in Short Blades
   368 | D        | Reached XP level 3. HP: 17/29 MP: 2/2
   368 | D        | Reached XP level 4. HP: 20/35 MP: 3/3
   368 | D        | Reached XP level 5. HP: 22/40 MP: 4/4
   389 | D        | Bought a pair of dwarven gauntlets for 30 gold pieces
   389 | D        | Bought a potion of heal wounds for 66 gold pieces
   506 | D        | Found an ancient bone altar of Kikubaaqudgha.
   506 | D        | Found a deep blue altar of Sif Muna.
   506 | D        | Noticed a jelly
   509 | D        | Killed a jelly
   509 | D        | Reached skill level 10 in Short Blades
   509 | D        | Reached XP level 6. HP: 45/45 MP: 5/5
   536 | D        | Killed a metal gargoyle
   541 | D        | Found a white marble altar of Elyvilon.
   541 | D        | Found a deep blue altar of Sif Muna.
   541 | D        | Noticed a giant amoeba
   584 | D        | Became a worshipper of Xom of Chaos
   590 | D        | Noticed an ogre
   597 | D        | XOM: potion effect (might)
   601 | D        | Killed an ogre
   601 | D        | Reached skill level 11 in Short Blades
   603 | D        | Noticed Sigmund
   605 | D        | XOM: potion effect (speed)
   608 | D        | XOM: potion effect (brilliance)
   617 | D        | Killed Sigmund
   687 | D        | Found a burning altar of Makhleb.
   687 | D        | Found a basalt altar of Yredelemnul.
   691 | D        | XOM: harmless Necr miscast
   702 | D        | HP: 2/46 [giant amoeba (14)]
   717 | D        | Noticed a kobold demonologist
   718 | D        | Noticed a kobold demonologist
   724 | D        | Noticed a red devil
   724 | D        | Noticed an ice devil
   724 | D        | XOM: potion effect (speed)
   727 | D        | a giant amoeba (ally) was killed
   727 | D        | Reached skill level 13 in Short Blades
   727 | D        | Reached XP level 7. HP: 13/52 MP: 6/6
   728 | D        | XOM: summons friendly white imp
   763 | D        | Bought a scroll labeled SHUYLADGHELL for 22 gold pieces
   763 | D        | Bought a scroll labeled IKOCKATEIMN for 22 gold pieces
   763 | D        | Bought a scroll labeled CYHAF RONK for 22 gold pieces
   763 | D        | Bought a scroll labeled VAPHU NUDAG for 22 gold pieces
   763 | D        | Bought a scroll labeled KOUDUY NUICOI for 22 gold pieces
   763 | D        | Bought a scroll labeled SHUYLADGHELL for 22 gold pieces
   766 | D        | XOM: enchant monster (good)
   767 | D        | XOM: harmless Divn miscast
   784 | D        | XOM: summons friendly ufetubus
   788 | D        | Noticed a hellwing
   792 | D        | XOM: summons 4 friendly demons
   795 | D        | XOM: divination: detect items
   801 | D        | Killed a kobold demonologist
   811 | D        | Noticed a soul eater
   842 | D        | XOM: divination: magic mapping
   843 | D        | Killed a kobold demonologist
  1096 | D        | XOM: god gift: worn gold wand {god gift}
  1112 | D        | Noticed a demonic crawler
  1112 | D        | Noticed a demonic crawler
  1112 | D        | Noticed a demonic crawler
  1112 | D        | Noticed a demonic crawler
  1120 | D        | XOM: enchant monster (good)
  1129 | D        | Slain by a demonic crawler

Action                   |  1- 3 |  4- 6 |  7- 9 || total
-------------------------+-------+-------+-------++-------
Melee: Short sword       |   148 |    51 |    41 ||   240
       Dagger            |       |       |    12 ||    12
 Abil: Dig               |     2 |       |       ||     2
Evoke: Wand              |       |     3 |     2 ||     5
  Use: Potion            |       |     2 |     1 ||     3
       Scroll            |       |       |     1 ||     1
